 Dungeon Crawl Stone Soup version 0.21.0-37-g46506fa (webtiles) character file.

62 Inarius the Chiller (level 3, -10/26 HPs)
             Began as a Draconian Ice Elementalist on Jan 30, 2018.
             Mangled by Crazy Yiuf
             ... wielding a +4 quarterstaff of chaos
              (12 damage)
             ... on level 2 of the Dungeon.
             The game lasted 00:04:01 (2234 turns).

Inarius the Chiller (Draconian Ice Elementalist)    Turns: 2234, Time: 00:04:02

Health: -10/26     AC: 11    Str: 10    XL:     3   Next: 85%
Magic:  3/6        EV: 12    Int: 16    God:
Gold:   128        SH:  0    Dex: 11    Spells: 3/7 levels left

rFire    . . .     SeeInvis .   k - +2 dagger (drain)
rCold    . . .     Gourm    .   (no shield)
rNeg     . . .     Faith    .   (armour unavailable)
rPois    .         Spirit   .   (helmet restricted)
rElec    .         Reflect  .   (no cloak)
rCorr    .         Harm     .   d - +0 pair of gloves
MR       .....                  (no boots)
Stlth    ++........             (no amulet)
HPRegen  0.08/turn              (no ring)
MPRegen  0.10/turn              (no ring)

@: icy armour, slow
A: unfitting armour, cold-blooded, AC +5
a: no special abilities


You were on level 2 of the Dungeon.
You were hungry.

You visited 1 branch of the dungeon, and saw 2 of its levels.

You collected 128 gold pieces.

Inventory:

Hand Weapons
 k - a +2 dagger of draining (weapon)
Armour
 d - a +0 pair of gloves (worn)
Scrolls
 c - 2 scrolls of identify {unknown}
 h - a scroll of enchant weapon {unknown}
 i - a scroll of random uselessness {unknown}
 j - 2 scrolls of amnesia {unknown}
 l - 3 scrolls of remove curse {unknown}
 n - a scroll of fog {unknown}
Potions
 e - 3 potions of curing {unknown}
 f - a potion of cancellation {unknown}
 g - a potion of brilliance {unknown}
Books
 a - a book of Frost

   Spells                             Type                      Level
   a - Freeze                         Ice                          1
   b - Throw Frost                    Conjuration/Ice              2
   c - Ozocubu's Armour               Charms/Ice                   3
   d - Throw Icicle                   Conjuration/Ice              4
   e - Summon Ice Beast               Ice/Summoning                4
Comestibles
 b - 4 rations


   Skills:
 + Level 0.1 Fighting
 + Level 0.9 Short Blades
 + Level 2.1 Dodging
 - Level 1.7 Stealth
 + Level 2.6 Spellcasting
   Level 1.0 Conjurations
 * Level 4.0 Ice Magic


You had 3 spell levels left.
You knew the following spells:

 Your Spells              Type           Power        Failure   Level  Hunger
a - Freeze                Ice            ###.         3%          1    #......
b - Ozocubu's Armour      Chrm/Ice       #.......     26%         3    ###....


Dungeon Overview and Level Annotations

Branches:
Dungeon (2/15)

Altars:
Kikubaaqudgha
Makhleb
Uskayaw

Annotations:
D:2 Crazy Yiuf


Innate Abilities, Weirdness & Mutations

Your plain brown scales are hard. (AC +5)
You cannot fit into any form of body armour.
You are cold-blooded and may be slowed by cold attacks.


Message History

Crazy Yiuf closely misses you.
You hit Crazy Yiuf. You drain Crazy Yiuf!
Crazy Yiuf is severely wounded.
You feel yourself speed up.
Crazy Yiuf zaps a wand.
The puff of flame hits you! The heat melts your icy armour.
You hit Crazy Yiuf but do no damage.
Crazy Yiuf is severely wounded.
Crazy Yiuf zaps a wand.
The puff of flame hits you!
* * * LOW HITPOINT WARNING * * *
The heat melts your icy armour.
Casting: Ozocubu's Armour
Confirm with . or Enter, or press ? or * to list all spells.
Aiming: Freeze
Press: ? - help, Shift-Dir - straight line, f - Crazy Yiuf
Aim: Crazy Yiuf, wielding a quarterstaff of chaos, wearing a runed cloak and carrying a wand of flame (4) (severely wounded, heavily drained)
You freeze Crazy Yiuf.
Crazy Yiuf is almost dead.
Crazy Yiuf hits you with a quarterstaff of chaos!
You die...

#.# #.# #.# #.# ##.## #.# #.#
#...# ###########.# #.# #####
#...........# #.# #.########..#
#.# #............ #.##### #####
#.########..# ###..#..##
###..)# ### #..#
.........####.'.@g# #..#
###.......#..##...# #...
#..#...#.######## ######..)
#..####### #........ #..#
#.####... #..#################
#.# ##.. #...>......#....#..#
#.# #..
######....#.###.#..####.#####..
#.##......#.....##.#..>...


You could see Crazy Yiuf.

Vanquished Creatures
  An adder (D:2)
  2 worms (D:2)
  2 dart slugs
  A leopard gecko (D:2)
  A giant cockroach (D:2)
  8 hobgoblins
  4 jackals (D:1)
  3 bats (D:2)
  3 frilled lizards
  3 goblins
  7 kobolds
  6 rats
41 creatures vanquished.

Vanquished Creatures (others)
  A human (D:2)
1 creature vanquished.

Grand Total: 42 creatures vanquished

Notes
Turn   | Place    | Note
-------+----------+-------------------------------------------
     0 | D:1      | Inarius the Draconian Ice Elementalist began the quest for the Orb.
     0 | D:1      | Reached XP level 1. HP: 14/14 MP: 3/3
   156 | D:1      | Reached XP level 2. HP: 13/20 MP: 1/5
  1114 | D:2      | Reached XP level 3. HP: 24/26 MP: 4/6
  1199 | D:2      | Found a hide-covered altar of Uskayaw.
  1626 | D:2      | Found an ancient bone altar of Kikubaaqudgha.
  1770 | D:2      | Found a runed door.
  1801 | D:2      | Learned a level 3 spell: Ozocubu's Armour
  1845 | D:2      | Reached skill level 4 in Ice Magic
  1970 | D:2      | Noticed a human
  1971 | D:2      | Killed a human
  2146 | D:2      | Found a burning altar of Makhleb.
  2226 | D:2      | Noticed Crazy Yiuf
  2234 | D:2      | Mangled by Crazy Yiuf

Skill      XL: |  1  2  3 |
---------------+----------+-----
Dodging        | 2 |  2.1
Ice Magic      | 4 |  4.0
Fighting       | |  0.1
Short Blades   | |  0.9
Stealth        | |  1.7
Spellcasting   | |  2.6
Conjurations   | |  1.0

Action                   || total
-------------------------++-------
Melee: Whip              ||    27
       Unarmed           ||     3
       Tailslap          ||     7
       Dagger            ||    49
       Short sword       ||    10
 Cast: Freeze            ||    34
       Ozocubu's Armour  ||     1
 Stab: Sleeping          ||     6
  Eat: Chunk             ||     4
Armor: Skin              ||    22
Dodge: Dodged            ||    63
